 Dungeon Crawl Stone Soup version 0.29-a0-515-g7c1fb6cc08 (webtiles) character file.

Game seed: 8318132059814203072

51797 Bruhh the Grappler (level 14, -5/183 HPs)
             Began as an Ogre Transmuter on May 30, 2022.
             Was the Champion of Jiyva.
             Slain by a boulder beetle (46 damage)
             ... on level 11 of the Dungeon.
             The game lasted 00:27:08 (22856 turns).

Bruhh the Grappler (Ogre Transmuter)               Turns: 22856, Time: 00:27:08

Health: -5/183     AC:  8    Str: 23    XL:     14   Next: 61%
Magic:  27/27      EV: 14    Int: 24    God:    Jiyva [******]
Gold:   1100       SH:  0    Dex: 13    Spells: 24/32 levels left

rFire   x . .      SeeInvis .     - Unarmed
rCold   + + +      Faith    .   (shield currently unavailable)
rNeg    . . .      Spirit   .   (body armour currently unavailable)
rPois   +          Reflect  .   (helmet unavailable)
rElec   .          Harm     .   (cloak currently unavailable)
rCorr   +          Rampage  .   (gloves unavailable)
Will    ++...                   (boots unavailable)
Stlth   +.........              y - amulet of regeneration
HPRegen 2.80/turn               o - +6 ring of strength
MPRegen 0.70/turn               t - +6 ring of intelligence

@: ice-form, calling ooze
A: freezing attack, amphibious, boosted hp, large, unfitting armour, (tough skin
1), (beak), (hooves 3), (horns 3), (large bone plates 3), agile 2, strong-willed
1, (electricity resistance), (acidic bite), (jelly absorbing missiles), (engulf)
a: End Transformation, Renounce Religion, Oozemancy, Slimify


You were on level 11 of the Dungeon.
You worshipped Jiyva.
Jiyva was exalted by your worship.
You were a creature of crystalline ice.
You visited 2 branches of the dungeon, and saw 17 of its levels.

You collected 1128 gold pieces.
You spent 28 gold pieces at shops.

Inventory:

Missiles
 i - 24 poisoned darts
Armour
 a - a +0 robe (melded)
Jewellery
 h - a ring of magical power
 j - a +6 ring of strength
 o - a +6 ring of strength (left front paw)
 s - a ring of ice
 t - a +6 ring of intelligence (right front paw)
 y - an amulet of regeneration (around neck)
 D - a ring of magical power
 F - a ring of wizardry
Wands
 n - a wand of polymorph (9)
 p - a wand of iceblast (7)
 q - a wand of mindburst (48)
 A - a wand of acid (4)
 E - a wand of flame (10)
Scrolls
 d - 3 scrolls of noise
 e - 2 scrolls of vulnerability
 g - 2 scrolls of enchant armour
 w - 2 scrolls of amnesia
 x - 4 scrolls of magic mapping
 B - a scroll of torment
 C - 3 scrolls of fear {unknown}
 G - 4 scrolls of identify
 I - a scroll of fog {unknown}
 K - a scroll of teleportation
Potions
 b - 2 potions of ambrosia {unknown}
 c - 3 potions of cancellation
 f - 3 potions of curing
 k - a potion of brilliance
 l - 2 potions of degeneration
 m - 2 potions of mutation
 r - a potion of might
 u - a potion of resistance
 z - 2 potions of flight
 H - a potion of lignification
Miscellaneous
 v - a phantom mirror


   Skills:
 - Level 13.5 Fighting
 - Level 10.0 Dodging
 + Level 13.9 Unarmed Combat
 - Level 9.7 Spellcasting
 - Level 7.0 Transmutations
 - Level 10.0 Invocations


You had 24 spell levels left.
You knew the following spells:

 Your Spells              Type           Power      Damage    Failure   Level
a - Beastly Appendage     Tmut           90%        N/A       1%          1
b - Spider Form           Tmut/Pois      28%        N/A       3%          3
c - Ice Form              Ice/Tmut       28%        N/A       13%         4

Your spell library contained the following spells:

 Spells                   Type           Power      Damage    Failure   Level
 Wereblood                Tmut           45%        N/A       1%          2
 Magic Dart               Conj           44%        1d5       5%          1
 Call Imp                 Summ           11%        N/A       9%          2
 Call Canine Familiar     Summ           11%        N/A       16%         3
 Gell's Gravitas          Tloc           11%        N/A       16%         3
 Lesser Beckoning         Tloc           11%        N/A       16%         3
 Mephitic Cloud           Conj/Pois/Air  11%        N/A       16%         3
 Portal Projectile        Hex/Tloc       22%        N/A       16%         3
 Teleport Other           Tloc           11%        N/A       16%         3
 Leda's Liquefaction      Hex/Erth       5%         N/A       47%         4
 Summon Forest            Summ/Tloc      5%         N/A       83%         5
 Summon Mana Viper        Hex/Summ       11%        N/A       83%         5
 Dispersal                Tloc           5%         N/A       100%        6
 Summon Cactus Giant      Summ           5%         N/A       100%        6
 Disjunction              Tloc           5%         N/A       100%        8


Dungeon Overview and Level Annotations

Branches:
Dungeon (11/15)            Temple (0/1) D:6            Lair (6/6) D:9
  Swamp (0/4) Lair:4        Snake (0/4) Lair:4        Slime (0/5) Lair:5
    Orc (0/2) D:10

Altars:
Ashenzari
Cheibriados
Dithmenos
Elyvilon
Gozag
Nemelex Xobeh
Ru
Trog
Vehumet
Wu Jian
The Shining One
Jiyva

Shops:
D:4 ?*!?(   D:5 [   D:11 [

Annotations:
D:5 4 runed translucent doors
D:6 1 runed translucent door, exclusion: statue, blade888's ghost, novice OpVM


Innate Abilities, Weirdness & Mutations

You are a creature of crystalline ice.
You have a powerful freezing melee attack.
You are amphibious.
Your maximum health is increased.
Your armour is entirely melded.
You are incapable of wielding weapons or throwing items.
You are too large for most types of armour.
((You have tough skin. (AC +1)))
((You have a beak for a mouth.))
((You have hooves in place of feet.))
((You have a pair of large horns on your head.))
((You are completely covered in large bone plates. (SH +8)))
You are very agile. (Dex +4)
You are strong-willed. (Will+)
((You are resistant to electric shocks. (rElec)))
((You have acidic saliva.))
((You have a small jelly attached to you that may absorb projectiles.))
((Your melee attacks may engulf your foes in ooze.))


Message History

The troll is almost dead.
You feel sick.
The walls burn the troll!
You kill the troll!
The troll leather armour is intact enough to wear.
The wall burns the boulder beetle!
The boulder beetle curls into a ball and begins rolling!
The walls burn the acid dragon!
The acid dragon spits acid at you. The splash of acid hits you! You resist.
The wall burns the gargoyle!
The wall burns the kobold demonologist!
You hear a horrible gurgling sound!
You feel sick.
The walls burn the two-headed ogre!
The two-headed ogre hits you with a +0 giant club!!
The two-headed ogre hits you with a +0 giant spiked club!!
* * * LOW HITPOINT WARNING * * *
The wall burns the boulder beetle!
The wall burns the gargoyle!
The walls burn the acid dragon!
The acid dragon closely misses you. The acid dragon misses you.
The wall burns the kobold demonologist!
You kill the kobold demonologist!
The quasit disappears in a puff of smoke!
The wall burns the cyclops!
The cyclops hits you!!
* * * LOW HITPOINT WARNING * * *
Things that are here:
a +0 troll leather armour; a troll corpse You are too injured to fight recklessly!
Unknown command.
Okay, then.
You feel much better.
You feel sick.
The walls burn the boulder beetle! x2
The walls burn the acid dragon!
The acid dragon misses you. The acid dragon claws you.
* * * LOW HITPOINT WARNING * * *
The wall burns the gargoyle!
The walls burn the two-headed ogre!
You kill the two-headed ogre!
Unknown command.
The acid dragon attacks as you move away!
The acid dragon completely misses you. The acid dragon barely misses you.
You feel sick.
You are no longer poisoned.
The walls burn the boulder beetle!
The boulder beetle hits you!!!
You die...

#........#...##.......###
##........#...##.......#..
#.........#...##.......#.>
#.........#............#..
#.....≈...#............###
##.......°###.........#...
#.......°###.........####
#.......B..J.........#
#.######Y###.......### #.#
###[####.....## #.#
##.C)D........##### ###.#
#...9.######......# #...#
#'{'#...# +......# ##.###
#§..##..# #......# #...#
#..#..#### #.....=#
#####..§###... #......###
..#..#.T#.. #.........


You could see a boulder beetle (rolling), a cyclops, an acid dragon, a gargoyle
and a neutral jelly (wandering) (fellow slime).

Vanquished Creatures
  Snorg (Lair:6)
  Fannar (Lair:3)
  Harold (D:11)
  A boulder beetle (Lair:6)
  4 hydras
  A catoblepas (Lair:6)
  3 two-headed ogres (D:11)
  2 death yaks
  13 spriggans (Lair:6)
  A bog body (Lair:4)
  An ugly thing (D:11)
  A cyclops (D:11)
  6 black mambas
  A torpor snail (Lair:2)
  8 elephants (Lair:6)
  A gargoyle (D:11)
  13 cane toads
  4 rime drakes
  An unseen horror (D:11)
  7 kobold demonologists
  6 komodo dragons
  2 trolls
  5 polar bears
  5 dream sheep
  24 blink frogs
  5 hornets
  52 yaks
  A shadow (D:11)
  2 wyverns
  7 vampire mosquitoes
  A steam dragon (D:6)
  6 basilisks
  3 nagas (Lair:4)
  3 black bears
  7 water moccasins
  6 orc warriors
  2 ice beasts (D:7)
  3 boggarts (Lair:6)
  4 centaurs
  6 ogres
  36 wolves
  6 kobold brigands
  11 bullfrogs
  2 necrophages
  A gnoll sergeant (D:6)
  4 scorpions
  A wight (D:5)
  5 killer bees
  2 vampire bats (D:3)
  4 howler monkeys
  4 hounds
  3 iguanas
  5 jellies
  2 orc priests
  A gnoll shaman (D:5)
  Terence (D:3)
  5 hell rats (Lair:1)
  5 orc wizards
  Robin (D:2)
  5 gnolls
  10 adders
  4 white imps
  3 worms
  3 dart slugs
  35 orcs
  3 ball pythons
  7 bats
  4 endoplasms
  6 giant cockroaches
  16 goblins
  9 hobgoblins
  2 jackals (D:4)
  12 kobolds
  4 quokkas
  4 frilled lizards
  5 rats
452 creatures vanquished.

Vanquished Creatures (others)
  A cane toad (Lair:1)
  A blink frog (Lair:5)
  2 wolves (Lair:6)
  2 boggarts (Lair:6)
  3 bullfrogs
  2 killer bees (D:8)
  68 jellies
  2 orc priests
  An orc wizard (D:7)
  8 orcs
  9 kobolds
  A bush (Lair:1)
  106 fungi
  112 plants
318 creatures vanquished.

Grand Total: 770 creatures vanquished

Notes
Turn   | Place    | Note
-------+----------+-------------------------------------------
     0 | D:1      | Bruhh the Ogre Transmuter began the quest for the Orb.
     0 | D:1      | Reached XP level 1. HP: 19/19 MP: 3/3
   102 | D:1      | Found a faded altar of an unknown god.
   142 | D:1      | Reached XP level 2. HP: 6/27 MP: 3/5
   886 | D:2      | Reached XP level 3. HP: 7/33 MP: 7/7
  1198 | D:2      | Learned a level 3 spell: Spider Form
  1465 | D:2      | Reached XP level 4. HP: 25/41 MP: 7/9
  1711 | D:2      | Noticed Robin
  1730 | D:2      | Killed Robin
  2434 | D:2      | Found a broken altar of Ashenzari.
  2674 | D:3      | Noticed Terence
  2687 | D:3      | Killed Terence
  2688 | D:3      | Reached XP level 5. HP: 22/48 MP: 11/11
  2958 | D:3      | Reached skill level 5 in Spellcasting
  3346 | D:3      | Reached XP level 6. HP: 40/55 MP: 13/13
  4598 | D:3      | Found a white marble altar of Elyvilon.
  4771 | D:4      | Found Micuy's Magic Scroll Shop.
  4866 | D:4      | Reached skill level 5 in Unarmed Combat
  5348 | D:4      | Bought a scroll of identify for 28 gold pieces
  5369 | D:4      | Reached XP level 7. HP: 30/62 MP: 14/14
  5823 | D:4      | Found a snail-covered altar of Cheibriados.
  5840 | D:4      | Found Roitobuh's Assorted Antiques.
  6098 | D:4      | Found an ornate altar of the Wu Jian Council.
  6105 | D:4      | Found Juonwe's Distillery.
  6258 | D:4      | Found Tihon's Magic Scroll Shoppe.
  6332 | D:4      | Found Itsaam's Weapon Shop.
  6342 | D:4      | Found an opulent altar of Gozag.
  6343 | D:4      | Found a sacrificial altar of Ru.
  6718 | D:5      | Entered Level 5 of the Dungeon
  6808 | D:5      | Found a large runed translucent door.
  6809 | D:5      | Found a large runed translucent door.
  6816 | D:5      | Noticed a kobold demonologist
  6841 | D:5      | Reached XP level 8. HP: 43/70 MP: 15/15
  7902 | D:5      | Found Mohots's Antique Armour Boutique.
  8480 | D:5      | Found a large runed translucent door.
  8480 | D:5      | Found a large runed translucent door.
  8658 | D:5      | Reached XP level 9. HP: 64/85 MP: 14/16
  8732 | D:5      | Reached skill level 5 in Fighting
  8977 | D:6      | You fall into a shaft and drop 3 floors!
  8979 | D:9      | Noticed a kobold demonologist
  8989 | D:9      | Noticed a sixfirhy
  8990 | D:9      | Killed a kobold demonologist
  9552 | D:8      | Found a viscous altar of Jiyva.
  9577 | D:8      | Became a worshipper of Jiyva Jadynual the Shapeless
  9913 | D:8      | Learned a level 4 spell: Ice Form
 10375 | D:6      | Found a radiant altar of Vehumet.
 10500 | D:6      | Found a runed translucent door.
 10502 | D:6      | Noticed blade888's ghost (novice OpVM)
 10514 | D:6      | Found a staircase to the Ecumenical Temple.
 11231 | D:7      | Reached skill level 10 in Unarmed Combat
 11235 | D:6      | Gained mutation: You passively dampen the noise of your
                  | surroundings. [potion of mutation]
 11235 | D:6      | Gained mutation: You are agile. (Dex +2) [potion of
                  | mutation]
 11235 | D:6      | Gained mutation: You are occasionally teleported next to
                  | monsters. [potion of mutation]
 11235 | D:6      | Gained mutation: You are very agile. (Dex +4) [potion of
                  | mutation]
 12077 | D:7      | Reached * piety under Jiyva
 12676 | D:7      | Found a shadowy altar of Dithmenos.
 12930 | D:8      | Reached XP level 10. HP: 58/100 MP: 18/22
 13047 | D:8      | Reached ** piety under Jiyva
 13369 | D:8      | Found a broken altar of Ashenzari.
 13905 | D:9      | Found a staircase to the Lair.
 14042 | D:9      | Reached *** piety under Jiyva
 14099 | D:9      | Lost mutation: You are very agile. (Dex +4) [Jiyva's grace]
 14099 | D:9      | Gained mutation: You have hidden genetic potential.
                  | [Jiyva's grace]
 14099 | D:9      | Gained mutation: You have great hidden genetic potential.
                  | [Jiyva's grace]
 14099 | D:9      | Gained mutation: Your muscles are strong. (Str +2) [Jiyva's
                  | grace]
 14099 | D:9      | Gained mutation: Your muscles are very strong. (Str +4)
                  | [Jiyva's grace]
 14407 | Lair:1   | Entered Level 1 of the Lair of Beasts
 14407 | Lair:1   | Noticed a four-headed hydra
 14414 | Lair:1   | Killed a four-headed hydra
 14459 | Lair:1   | Reached skill level 5 in Transmutations
 14473 | Lair:1   | Reached XP level 11. HP: 115/115 MP: 24/24
 14584 | Lair:1   | Reached **** piety under Jiyva
 14605 | Lair:1   | Reached skill level 10 in Fighting
 14810 | Lair:1   | Gained mutation: Your flesh is heat resistant. (rF+)
                  | [hidden potential]
 15248 | Lair:1   | Noticed a six-headed hydra
 15256 | Lair:1   | Killed a six-headed hydra
 15648 | Lair:2   | Reached XP level 12. HP: 92/136 MP: 25/25
 15798 | Lair:2   | Reached skill level 5 in Dodging
 15798 | Lair:2   | Reached skill level 1 in Invocations
 15819 | Lair:2   | Lost mutation: You are agile. (Dex +2) [Jiyva's grace]
 15819 | Lair:2   | Lost mutation: Your flesh is heat resistant. (rF+) [Jiyva's
                  | grace]
 15819 | Lair:2   | Lost mutation: You are occasionally teleported next to
                  | monsters. [Jiyva's grace]
 15819 | Lair:2   | Gained mutation: Your melee attacks may engulf your foes in
                  | ooze. [Jiyva's grace]
 15819 | Lair:2   | Gained mutation: Your mind is acute. (Int +2) [Jiyva's
                  | grace]
 15819 | Lair:2   | Gained mutation: Your mind is very acute. (Int +4) [Jiyva's
                  | grace]
 15819 | Lair:2   | Gained mutation: You are covered in slimy tendrils that may
                  | disarm your opponents. [Jiyva's grace]
 15915 | Lair:2   | Noticed a death yak
 15923 | Lair:2   | Killed a death yak
 15924 | Lair:2   | Gained mutation: You have large cloven feet. [hidden
                  | potential]
 15924 | Lair:2   | Lost mutation: You have great hidden genetic potential.
                  | [hidden potential expressed]
 15932 | Lair:2   | Reached ***** piety under Jiyva
 16309 | Lair:3   | Found an ornate altar of the Wu Jian Council.
 16793 | Lair:3   | Reached skill level 5 in Invocations
 17081 | Lair:3   | Reached ****** piety under Jiyva
 17081 | Lair:3   | Lost mutation: Your mind is very acute. (Int +4) [Jiyva's
                  | grace]
 17081 | Lair:3   | Lost mutation: Your muscles are very strong. (Str +4)
                  | [Jiyva's grace]
 17081 | Lair:3   | Lost mutation: You are covered in slimy tendrils that may
                  | disarm your opponents. [Jiyva's grace]
 17081 | Lair:3   | Gained mutation: You are partially covered in large bone
                  | plates. (SH +4) [Jiyva's grace]
 17081 | Lair:3   | Gained mutation: You are mostly covered in large bone
                  | plates. (SH +6) [Jiyva's grace]
 17081 | Lair:3   | Gained mutation: You are completely covered in large bone
                  | plates. (SH +8) [Jiyva's grace]
 17081 | Lair:3   | Gained mutation: You are resistant to electric shocks.
                  | (rElec) [Jiyva's grace]
 17087 | Lair:3   | Noticed Fannar
 17096 | Lair:3   | Killed Fannar
 17624 | Lair:4   | Found a staircase to the Snake Pit.
 17880 | Lair:4   | Found a staircase to the Swamp.
 17891 | Lair:4   | Reached XP level 13. HP: 144/144 MP: 26/26
 18387 | Lair:4   | Lost mutation: Your mind is acute. (Int +2) [Jiyva's grace]
 18387 | Lair:4   | Lost mutation: Your melee attacks may engulf your foes in
                  | ooze. [Jiyva's grace]
 18387 | Lair:4   | Gained mutation: You have hoof-like feet. [Jiyva's grace]
 18387 | Lair:4   | Gained mutation: You have hooves in place of feet. [Jiyva's
                  | grace]
 18387 | Lair:4   | Gained mutation: You are strong-willed. (Will+) [Jiyva's
                  | grace]
 18387 | Lair:4   | Gained mutation: You are highly strong-willed. (Will++)
                  | [Jiyva's grace]
 18909 | Lair:5   | Found a viscous altar of Jiyva.
 18909 | Lair:5   | Found a staircase to the Slime Pits.
 18964 | Lair:5   | Gained mutation: You have a pair of small horns on your
                  | head. [hidden potential]
 19383 | Lair:5   | Found a sparkling altar of Nemelex Xobeh.
 19859 | Lair:6   | Entered Level 6 of the Lair of Beasts
 20135 | Lair:6   | Noticed Snorg
 20147 | Lair:6   | Killed Snorg
 20242 | Lair:6   | Reached skill level 10 in Invocations
 20263 | Lair:6   | Reached skill level 10 in Dodging
 20562 | Lair:6   | Reached XP level 14. HP: 153/153 MP: 23/27
 20677 | Lair:6   | Lost mutation: You are highly strong-willed. (Will++)
                  | [Jiyva's grace]
 20677 | Lair:6   | Lost mutation: Your muscles are strong. (Str +2) [Jiyva's
                  | grace]
 20677 | Lair:6   | Gained mutation: You have acidic saliva. [Jiyva's grace]
 20677 | Lair:6   | Gained mutation: You have a pair of horns on your head.
                  | [Jiyva's grace]
 20677 | Lair:6   | Gained mutation: You have a pair of large horns on your
                  | head. [Jiyva's grace]
 20677 | Lair:6   | Gained mutation: Your melee attacks may engulf your foes in
                  | ooze. [Jiyva's grace]
 20703 | Lair:6   | Identified the +3 short sword of Xyring {freeze, rN++
                  | Dex+4}
 20703 | Lair:6   | Gained mutation: You are robust. (+10% HP) [hidden
                  | potential]
 20703 | Lair:6   | Lost mutation: You have hidden genetic potential. [hidden
                  | potential expressed]
 21288 | D:10     | Entered Level 10 of the Dungeon
 21409 | D:10     | Found a staircase to the Orcish Mines.
 21812 | D:10     | Found a bloodstained altar of Trog.
 21813 | D:10     | Found a glowing golden altar of the Shining One.
 22001 | D:11     | Noticed Harold
 22014 | D:11     | Killed Harold
 22568 | D:11     | Lost mutation: You are robust. (+10% HP) [Jiyva's grace]
 22568 | D:11     | Lost mutation: You passively dampen the noise of your
                  | surroundings. [Jiyva's grace]
 22568 | D:11     | Gained mutation: You have a beak for a mouth. [Jiyva's
                  | grace]
 22568 | D:11     | Gained mutation: You have a small jelly attached to you
                  | that may absorb projectiles. [Jiyva's grace]
 22568 | D:11     | Gained mutation: You are agile. (Dex +2) [Jiyva's grace]
 22568 | D:11     | Gained mutation: You are very agile. (Dex +4) [Jiyva's
                  | grace]
 22610 | D:11     | Found Buemih's Armour Shop.
 22856 | D:11     | Slain by a boulder beetle

Illustrated notes

Levels and vault maps discovered:
D:1:      amcnicky_arrival_underground_garden, layout_rooms,
          ebering_ecumenical_altar_ruins
D:2:      layout_basic, basic_altar, minmay_vboxes, uniq_robin
D:3:      layout_loops_ring, nicolae_elyvilon_peaceful_grove, roderic_batcave,
          kennysheep_another_room, hex_medium, uniq_terence
D:4:      layout_basic, lemuel_doored_altar,
          chequers_temple_overflow_statue_of_worship, serial_shops, shop,
          nicolae_shop_bloodbath_and_beyond, nicolae_shop_advertising_works
          [nicolae_subvault_shop_adworks], nicolae_stop_n_shop_2,
          nicolae_shop_stone
D:5:      layout_basic, serial_shops, kennysheep_mini_moat,
          dreamdust_wishing_well, minmay_hollow_rounded_squares
D:6:      layout_loops_ring, vehumet_statue, minmay_temple_entry_proselytizer,
          ebering_ghost_reflecting_pool
D:7:      minmay_evil_eye, layout_loops_ring, mainiacjoe_overflow_alcove_4,
          due_unseen_surprise
D:8:      layout_loops_ring, mainiacjoe_overflow_boulevard,
          minmay_misc_feat_roman, jiyva_altar_1
D:9:      layout_irregular_city, david_lair_shrubbed, enter_bailey_6,
          hangedman_decor_lopped
D:10:     layout_big_octagon, mainiacjoe_overflow_divided_tiny, orc_0_dummy,
          minivault_1, eino_small_chamber_without_monster, glass_columns_a
D:11:     layout_basic, grunt_ministairs_6, st_stairs_3,
          nicolae_take_the_stairs, kennysheep_kite_vault, uniq_harold
Lair:1:   layout_roguey, grunt_megastairs_2
Lair:2:   layout_big_grid, grunt_megastairs_1
Lair:3:   layout_layer_cave, basic_altar, grunt_megastairs_4, uniq_fannar
Lair:4:   layout_layer_cave, skrybe_swamp_entry_bodies,
          guppyfry_snake_entry_garden, grunt_megastairs_5
Lair:5:   layout_small_grid, slime_altar_1, basic_altar
Lair:6:   minmay_lair_end_enchanted_forest, layout_regular_city, uniq_snorg

Skill      XL: |  1  2  3  4  5  6  7  8  9 10 11 12 13 14 |
---------------+-------------------------------------------+-----
Transmutations | 2 3 5 7 |  7.0
Spellcasting   | 3 4 5 8 9 |  9.7
Unarmed Combat | 3 5 7 9 10 11 13 | 13.9
Fighting       | 4 6 9 13 | 13.5
Dodging        | 4 8 10 | 10.0
Invocations    | 7 10 | 10.0

Action                   |  1- 3 |  4- 6 |  7- 9 | 10-12 | 13-15 || total
-------------------------+-------+-------+-------+-------+-------++-------
Melee: Unarmed           |    78 |   219 |   264 |   383 |   447 ||  1391
       Kick              |     7 |    18 |    15 |     7 |     9 ||    56
       Headbutt          |     4 |    15 |    14 |     1 |     7 ||    41
       Punch             |       |     2 |     3 |     1 |     2 ||     8
       Bite              |       |       |       |       |     1 ||     1
 Cast: Beastly Appendage |    10 |    30 |    21 |    12 |     3 ||    76
       Spider Form       |       |     6 |    35 |    10 |       ||    51
       Ice Form          |       |       |       |    35 |    38 ||    73
Invok: Oozemancy         |       |       |       |       |     1 ||     1
 Abil: End Transformatio |       |       |       |     1 |       ||     1
  Use: Potion            |     1 |     1 |     6 |     2 |     2 ||    12
       Scroll            |       |     3 |     3 |     5 |     4 ||    15
Armor: Robe              |    24 |    62 |    13 |     2 |     9 ||   110
       Skin              |    33 |    32 |    11 |    78 |   176 ||   330
Dodge: Dodged            |    30 |   153 |   167 |   240 |   285 ||   875
Block: Other             |       |       |       |       |    10 ||    10

Table legend: (Time is in decaauts)
 A = Elapsed time spent in this place.
 B = Non-inter-level travel time spent in this place.
 C = Inter-level travel time spent in this place.
 D = Time resting spent in this place.
 E = Time spent auto-exploring this place.
 F = Levels seen in this place.
 G = Mean time per level.
                   A        B        C        D        E       F      G
               +--------+--------+--------+--------+--------+-----+--------+
         Total |  22671 |  22082 |    589 |   3419 |  15301 |  17 | 1333.6 |
       Dungeon |  15911 |  15587 |    324 |   3344 |  10199 |  11 | 1446.5 |
          Lair |   6759 |   6495 |    264 |     75 |   5101 |   6 | 1126.5 |
               +--------+--------+--------+--------+--------+-----+--------+

Top non-repeatable levels by time:
     D:2: 2509 daAuts
     D:3: 2209 daAuts
     D:5: 1890 daAuts
     D:6: 1857 daAuts
  Lair:4: 1452 daAuts
     D:4: 1385 daAuts
     D:8: 1300 daAuts
  Lair:6: 1282 daAuts
     D:7: 1212 daAuts
     D:9: 1179 daAuts
  Lair:2: 1023 daAuts
  Lair:3: 1021 daAuts
  Lair:5: 1002 daAuts
  Lair:1: 977 daAuts
    D:10: 910 daAuts
